 Dungeon Crawl Stone Soup version 0.13.0-59-g13bd910 (webtiles) character file.

206 PlanB the Cudgeler (level 4, 0/35 HPs)
             Began as a Demonspawn Gladiator on Nov 17, 2013.
             Slain by a sky beast (2 damage)
             ... on Level 3 of the Dungeon.
             The game lasted 00:04:26 (2962 turns).

PlanB the Cudgeler (Demonspawn Gladiator)           Turns: 2962, Time: 00:04:26

HP   0/35        AC  5     Str 16      XL: 4   Next: 28%
MP   3/3         EV  9     Int  9      God:
Gold 119         SH  0     Dex 14      Spells:  0 memorised,  3 levels left

Res.Fire  : . . .   See Invis. : .   a - +1,+0 mace (curse)
Res.Cold  : + . .   Warding    : .   i - +0 elf ring mail
Life Prot.: . . .   Conserve   : .   (no shield)
Res.Poison: .       Res.Corr.  : .   (helmet restricted)
Res.Elec. : .       Clarity    : .   (no cloak)
Sust.Abil.: . .     Spirit.Shd : .   (no gloves)
Res.Mut.  : .       Stasis     : .   (no boots)
Res.Rott. : .       Flight     : .   (no amulet)
Saprovore : + . .                    (no ring)
                                     q - ring of protection from cold

@: slightly resistant to hostile enchantments, very unstealthy
A: antennae 1, saprovore 1
a: no special abilities


You were on level 3 of the Dungeon.
You were not hungry.

You visited 1 branch of the dungeon, and saw 3 of its levels.

You collected 99 gold pieces.

Inventory:

Hand weapons
 a - a cursed +1,+0 mace (weapon)
 l - a +1,+2 dagger of speed
 m - a +0,+0 mace
 o - a -1,+1 orcish mace
 v - a +2,+0 quarterstaff of crushing
Missiles
 d - 2 throwing nets
 k - a throwing net [frayed]
 n - 7 javelins (quivered)
 p - 8 curare-tipped needles
Armour
 b - a +0 leather armour
 c - a +0 helmet
 i - a +0 elven ring mail (worn)
Comestibles
 f - 2 bread rations
 g - a rotting chunk of goblin flesh
 h - an apple
 s - a chunk of orc flesh
 t - a chunk of rat flesh
 u - 8 strawberries
Scrolls
 e - a scroll of enchant armour {unknown}
Jewellery
 q - a ring of protection from cold (left hand)
Potions
 j - a potion of restore abilities
 r - 3 potions of curing


   Skills:
 - Level 2.0 Fighting
 + Level 4.6 Maces & Flails
 - Level 1.7 Throwing
 - Level 2.6 Dodging


You had 3 spell levels left.
You didn't know any spells.

Dungeon Overview and Level Annotations

Branches:
Dungeon (3/27)

Altars:
Trog


Innate Abilities, Weirdness & Mutations

You have a pair of small antennae on your head.
You can tolerate rotten meat.


Message History

It hits you but does no damage.
You are too injured to fight recklessly!
You are too injured to fight recklessly!
You barely miss it. It hits you. It shocks you!
* * * LOW HITPOINT WARNING * * *
Unknown command.
A sky beast appears from thin air!
Reactivating autopickup.
The sky beast flickers out of sight!
Deactivating autopickup; reactivate with Ctrl-A.
Drink which item? (? for menu, Esc to quit)
You feel better.
It was a potion of curing.
It hits you.
* * * LOW HITPOINT WARNING * * *
It shocks you!
* * * LOW HITPOINT WARNING * * *
Drink which item? (? for menu, Esc to quit)
Okay, then.
Drink which item? (? for menu, Esc to quit)
You feel refreshed.
It was a potion of restore abilities.
It hits you.
You die...

*,,,#..,,.............
*,,,#..###########....
****#.........####....
#...#*###......).. #...#
#.....##.#.# *#***##...#
#.....##.#.# #....,.[..#
#.....##+#.#
#.....#..####...........
#.....#@..............##
*#....#.#####.........##
#..........+.........##
#.......#..#.....###'##
##......#..##.^........
#......#..##.........#
#......#.............'
##.###................#
#....#................#


There were no monsters in sight!

Vanquished Creatures
  4 adders
  A worm (D:2)
  An ooze (D:3)
  2 orcs (D:3)
  5 bats
  3 giant cockroaches
  6 hobgoblins
  2 giant newts
  6 goblins
  8 kobolds
  7 rats
45 creatures vanquished.

Notes
Turn   | Place    | Note
--------------------------------------------------------------
     0 | D:1      | PlanB, the Demonspawn Gladiator, began the quest for the Orb.
     0 | D:1      | Reached XP level 1. HP: 17/17 MP: 0/0
   345 | D:1      | Reached skill level 3 in Maces & Flails
   434 | D:1      | Gained mutation: You have a pair of small antennae on your head. [demonic ancestry]
   434 | D:1      | Reached XP level 2. HP: 13/23 MP: 1/1
  1462 | D:2      | Reached XP level 3. HP: 21/28 MP: 2/2
  1744 | D:2      | Reached skill level 4 in Maces & Flails
  2562 | D:3      | Gained mutation: You can tolerate rotten meat. [demonic ancestry]
  2562 | D:3      | Reached XP level 4. HP: 31/35 MP: 3/3
  2787 | D:3      | Found a bloodstained altar of Trog.
  2928 | D:3      | Noticed a sky beast
  2962 | D:3      | Slain by a sky beast

Action                   |  1- 3 |  4- 6 || total
-------------------------+-------+-------++-------
Melee: Mace              |   137 |    50 ||   187
Throw: Throwing net      |     1 |       ||     1
  Use: Scroll            |     8 |     2 ||    10
       Potion            |       |     2 ||     2
